 Dungeon Crawl Stone Soup version 0.32-a0-871-ge202e49faa (webtiles) character file.

Game seed: 5954918576178905388

24299 Griffin23 the Fighter (level 12, -7/118 HPs)
             Began as a Minotaur Fighter on Mar 29, 2024.
             Was an Elder of Trog.
             Mangled by a wolf (11 damage)
             ... on level 4 of the Lair of Beasts.
             The game lasted 00:22:04 (15471 turns).

Griffin23 the Fighter (Minotaur Fighter)           Turns: 15471, Time: 00:22:04

Health: -7/118     AC:  0    Str: 24    XL:     12   Next: 79%
Magic:  11/11      EV: 12    Int:  5    God:    Trog [****..]
Gold:   551        SH:  0    Dex: 12    Spells: 11/11 levels left

rFire   . . .        q - melded +4 great sword
rCold   . . .        (shield currently unavailable)
rNeg    . . .        H - melded +0 plate armour
rPois   .            P - melded +0 hat
rElec   .            y - melded scarf {shadows}
rCorr   .            L - melded +0 pair of gloves
SInv    .            A - melded +2 pair of boots
Will    +....        (no amulet)
Stlth   +            G - melded ring "Atuugil" {Fly rC+ Will+ Str+3 Int+3}
HPRegen 0.39/turn    r - melded +4 ring of protection
MPRegen 0.12/turn

%: no passive effects
@: about to teleport, pig-form, on berserk cooldown, enlightened, flying, slowed
A: fast, no casting, small, (horns 2), (retaliatory headbutt)
a: Renounce Religion, Berserk, Trog's Hand, Brothers in Arms


You were on level 4 of the Lair of Beasts.
You worshipped Trog.
Trog was greatly pleased with you.
You were a filthy swine.
You visited 2 branches of the dungeon, and saw 15 of its levels.

You collected 768 gold pieces.
You spent 217 gold pieces at shops.

Inventory:

Hand Weapons
 a - a +0 long sword
 q - a +4 great sword (melded)
 S - a +0 scimitar of flaming
Missiles
 i - 10 boomerangs (quivered)
 T - 4 javelins
Armour
 b - a +0 scale mail
 c - a +0 buckler
 v - a +0 chain mail
 y - a scarf of shadows (melded)
 A - a +2 pair of boots (melded)
 H - a +0 plate armour (melded)
 L - a +0 pair of gloves (melded)
 P - a +0 hat (melded)
Jewellery
 n - a ring of protection from cold
 o - a ring of ice
 r - a +4 ring of protection (melded)
 F - an amulet of magic regeneration
 G - the ring "Atuugil" (melded) {Fly rC+ Will+ Str+3 Int+3}
   (You found it on level 8 of the Dungeon)

   [ring of willpower]

   Str+3:     It affects your strength (+3).
   Int+3:     It affects your intelligence (+3).
   rC+:       It protects you from cold.
   Will+:     It increases your willpower.
   Fly:       It grants you flight.
 N - an amulet of reflection
 Q - a +6 ring of strength
 V - a ring of magical power
 X - a ring of magical power
Wands
 s - a wand of flame (12)
 z - a wand of warping (2)
 D - a wand of polymorph (3)
 E - a wand of charming (11)
 I - a wand of light (1)
Scrolls
 e - 4 scrolls of poison
 f - 8 scrolls of teleportation
 h - 2 scrolls of fear
 j - 3 scrolls of immolation
 k - 7 scrolls of amnesia
 m - 5 scrolls of noise
 p - a scroll of fog
 t - 2 scrolls of enchant armour
 u - a scroll of summoning {unknown}
 w - 3 scrolls of vulnerability {unknown}
 C - a scroll of blinking
 J - 2 scrolls of revelation
 K - 4 scrolls of silence {unknown}
 M - 3 scrolls of acquirement {unknown}
 O - 3 scrolls of identify
Potions
 d - 7 potions of mutation
 g - 7 potions of curing
 l - 5 potions of degeneration
 x - 2 potions of attraction
 B - 2 potions of haste
 R - a potion of brilliance
 W - a potion of magic {unknown}


   Skills:
 + Level 14.8 Fighting
 + Level 14.5 Long Blades
 + Level 14.6 Armour
 - Level 6.8 Shields
 + Level 3.4 Evocations


You had 11 spell levels left.
You didn't know any spells.
Your spell library was empty.

Dungeon Overview and Level Annotations

Branches:
Dungeon (11/15)            Temple (0/1) D:7            Lair (4/5) D:11
  Swamp (0/4) Lair:3        Snake (0/4) Lair:2          Orc (0/2) D:11
  Slime: Lair:4-5

Altars:
Cheibriados
Qazlal
Trog
Yredelemnul

Shops:
D:8 [

Annotations:
Lair:4 Kirke


Innate Abilities, Weirdness & Mutations

You are a filthy swine.
You move quickly.
Your equipment is almost entirely melded.
You are incapable of wielding weapons or throwing items.
You cannot cast spells.
((You have a pair of horns on your head.))
((You reflexively headbutt those who attack you in melee.))


Message History

You are too injured to fight recklessly!
You completely miss the wolf.
A wolf comes into view.
The wolf bites you! Something hits you.
You bite the wolf!
The wolf is moderately wounded.
The hog bites you! The wolf bites you.
You miss the wolf.
The wolf is moderately wounded.
A wolf comes into view.
The hog bites you!
* * * LOW HITPOINT WARNING * * *
Something hits you!
* * * LOW HITPOINT WARNING * * *
You are too berserk!
You are too berserk!
You are too berserk!
You are too berserk!
The wolf attacks as it pursues you! The wolf misses you.
You feel a strong urge to attack something.
A wolf comes into view.
The wolf stops to sniff the ground.
You are no longer berserk.
You are exhausted.
You feel yourself slow down.
The wolf howls!
As you read the scroll of teleportation, it crumbles to dust.
You feel strangely unstable. The wolf closely misses you.
A wolf comes into view.
The wolf barely misses you.
It was a potion of enlightenment.
You feel very buoyant.
You fly up into the air.
The wolf barely misses you. The wolf bites you.
* * * LOW HITPOINT WARNING * * *
The hog closely misses you. The wolf bites you.
* * * LOW HITPOINT WARNING * * *
The hog bites you!
* * * LOW HITPOINT WARNING * * *
The wolf bites you!
You die...

######+## # #####
##........#
#.#.#.####.........##
#.....#.#...........#
#..hhh#............+.
+..h#.h.........<..#.
#..h#h..+.P.........#
#......###..#.##.##..
#.#..†h.......#......
....#.#.##......#.#.#
#P#.+##..#.......#...#
#### #...#.#.....#..
#..#.#....##..


You could see a hog and 6 wolves.

Vanquished Creatures
  Gastronok (Lair:1)
  A hydra (Lair:3)
  Fannar (Lair:1)
  2 two-headed ogres
  Urug (Lair:2)
  A cyclops (D:9)
  2 black mambas (Lair:3)
  3 cane toads
  An unseen horror (D:10)
  8 komodo dragons
  2 trolls
  5 polar bears
  A tyrant leech (Lair:3)
  2 hornets
  2 shadows (D:11)
  2 wyverns
  A wraith (D:11)
  29 yaks
  2 hogs (Lair:4)
  A steam dragon (D:7)
  A basilisk (Lair:2)
  4 vampire mosquitoes (D:11)
  Menkaure (D:7)
  4 nagas (Lair:2)
  3 swamp worms (Lair:3)
  13 water moccasins
  An ice beast (D:8)
  3 orc warriors
  A sky beast (D:6)
  A black bear (D:6)
  2 ogres (D:6)
  27 wolves
  3 centaurs
  2 phantoms
  3 kobold brigands
  8 bullfrogs
  A gnoll sergeant (D:8)
  3 scorpions
  A water moccasin zombie (D:4)
  7 wights
  A killer bee (D:8)
  2 vampire bats (Lair:1)
  3 howler monkeys
  An orc priest (D:11)
  5 hounds
  A jelly (D:6)
  2 bombardier beetles
  A sleepcap (D:5)
  2 gnoll boudas
  3 iguanas
  9 orc wizards
  A scorpion zombie (D:4)
  7 hell rats (Lair:1)
  A hound zombie (D:4)
  8 adders
  A shadow imp (D:8)
  3 white imps
  An adder zombie (D:4)
  2 dart slugs
  2 ribbon worms (D:2)
  31 orcs
  3 ball pythons
  7 bats
  5 endoplasms
  5 giant cockroaches
  13 goblins
  6 hobgoblins
  4 jackals (D:3)
  15 kobolds
  3 quokkas
  2 frilled lizards
  A rat (D:3)
308 creatures vanquished.

Notes
Turn   | Place    | Note
-------+----------+-------------------------------------------
     0 | D:1      | Griffin23 the Minotaur Fighter began the quest for the Orb.
     0 | D:1      | Reached XP level 1. HP: 19/19 MP: 0/0
   222 | D:1      | Reached XP level 2. HP: 27/27 MP: 1/1
   268 | D:1      | Found a faded altar of an unknown god.
   343 | D:1      | Prayed at the altar of an unknown god.
   343 | D:1      | Became a worshipper of Trog the Wrathful
   343 | D:1      | Reached * piety under Trog
  1245 | D:2      | Reached XP level 3. HP: 30/33 MP: 2/2
  1842 | D:3      | Reached XP level 4. HP: 35/41 MP: 3/3
  1940 | D:4      | Noticed a scorpion
  1946 | D:4      | Killed a scorpion
  1968 | D:4      | Reached XP level 5. HP: 39/47 MP: 4/4
  2032 | D:4      | Reached skill level 5 in Fighting
  2032 | D:4      | Reached skill level 5 in Armour
  2312 | D:4      | Reached skill level 5 in Shields
  2521 | D:4      | Reached XP level 6. HP: 22/56 MP: 5/5
  2646 | D:4      | Found a basalt altar of Yredelemnul.
  2674 | D:4      | Reached ** piety under Trog
  3025 | D:5      | Entered Level 5 of the Dungeon
  3148 | D:5      | Reached skill level 5 in Long Blades
  3148 | D:5      | Reached XP level 7. HP: 55/62 MP: 6/6
  3180 | D:5      | Noticed a yak
  3181 | D:5      | Noticed a yak
  3181 | D:5      | Noticed a yak
  3200 | D:4      | Killed a yak
  3203 | D:4      | Killed a yak
  3481 | D:5      | Killed a yak
  3668 | D:5      | Reached XP level 8. HP: 71/71 MP: 7/7
  4478 | D:6      | Found a glowing drain.
  5118 | D:7      | Reached *** piety under Trog
  5119 | D:7      | Reached XP level 9. HP: 82/82 MP: 8/8
  5549 | D:7      | Found a staircase to the Ecumenical Temple.
  5722 | D:7      | Noticed Menkaure
  5728 | D:7      | Killed Menkaure
  6291 | D:8      | Found Xesis's Antique Armour Emporium.
  6297 | D:8      | Bought a pair of glowing boots for 217 gold pieces
  6339 | D:8      | Noticed a two-headed ogre
  6348 | D:8      | Killed a two-headed ogre
  6349 | D:8      | Reached skill level 10 in Fighting
  6381 | D:8      | Reached skill level 10 in Armour
  6588 | D:8      | Reached XP level 10. HP: 68/93 MP: 9/9
  6849 | D:8      | Identified the ring "Atuugil" {Fly rC+ Will+ Str+3 Int+3}
  7010 | D:9      | Reached skill level 10 in Long Blades
  7439 | D:9      | Noticed a cyclops
  7447 | D:9      | Killed a cyclops
  8205 | D:9      | Found a faded altar of an unknown god.
  8205 | D:9      | Found a faded altar of an unknown god.
  8212 | D:9      | Found a bloodstained altar of Trog.
  8214 | D:9      | Found a snail-covered altar of Cheibriados.
  8216 | D:9      | Found a stormy altar of Qazlal.
  8274 | D:10     | Entered Level 10 of the Dungeon
  8579 | D:10     | Reached XP level 11. HP: 104/104 MP: 10/10
  8969 | D:11     | Noticed a two-headed ogre
  8973 | D:11     | Killed a two-headed ogre
  9106 | D:11     | Found a staircase to the Orcish Mines.
  9120 | D:11     | Reached **** piety under Trog
  9845 | D:11     | Found a staircase to the Lair.
 10167 | Lair:1   | Entered Level 1 of the Lair of Beasts
 10508 | Lair:1   | Noticed Fannar
 10544 | Lair:1   | Killed Fannar
 11535 | Lair:1   | Noticed Gastronok
 11547 | Lair:1   | Killed Gastronok
 11548 | Lair:1   | Reached XP level 12. HP: 116/116 MP: 11/11
 12117 | Lair:2   | Found a staircase to the Snake Pit.
 12845 | Lair:2   | Noticed Urug
 12852 | Lair:2   | Killed Urug
 12853 | Lair:2   | Reached skill level 1 in Evocations
 14780 | Lair:3   | Noticed a six-headed hydra
 14792 | Lair:3   | Killed a one-headed hydra
 15018 | Lair:3   | Found a staircase to the Swamp.
 15443 | Lair:4   | Noticed Kirke
 15471 | Lair:4   | HP: 4/118 [hog[Kirke] (11)]
 15471 | Lair:4   | Mangled by a wolf

Illustrated notes

Levels and vault maps discovered:
D:1:      roderic_crossed_star, layout_loops_corners,
          hellmonk_ecumenical_altar_slurped_away, minivault_14,
          minmay_misc_feat_nine_boxes, minmay_fountain_box, hex_medium,
          grunt_decor_one_mirror
D:2:      layout_basic
D:3:      layout_rooms
D:4:      minmay_spotlight, layout_basic, nicolae_yredelemnul_corpse_copse
D:5:      layout_rooms
D:6:      minmay_diamond_boxcup, layout_cave_pools, gup_sewer_entry_glass
D:7:      layout_loops_ring, minmay_temple_entry_junction, enter_bailey_5,
          uniq_menkaure
D:8:      layout_basic, serial_shops, shop, minmay_fractal_squares_diagonal_5
D:9:      layout_irregular_city, chequers_temple_overflow_minitemple,
          nicolae_zig_zag_zippers
D:10:     layout_long_grid
D:11:     layout_gridville, lair_entry_dummy, david_orc_2
Lair:1:   layout_regular_city, roderic_batcave, chequers_serial_rivers_micro_c,
          serial_bayou_shore_a, uniq_gastronok, uniq_fannar
Lair:2:   layout_big_grid, minmay_snake_entry_guardpost_small,
          chequers_serial_rivers_micro_d, grunt_forest_stairs_basic,
          dreamdust_gnoll_shepherd, uniq_urug
Lair:3:   beast_lair_carwin_large_3, layout_chaotic_city,
          palyth_hydra_swamp_entry
Lair:4:   layout_roguey, patterned_corridor, grunt_megastairs_1,
          lemuel_fruit_fields, uniq_kirke

Skill      XL: |  1  2  3  4  5  6  7  8  9 10 11 12 |
---------------+-------------------------------------+-----
Fighting       | 4 5 6 8 10 11 13 14 | 14.8
Armour         | 4 5 6 8 10 11 13 14 | 14.6
Shields        | 4 5 6 |  6.8
Long Blades    | 3 4 5 6 7 9 11 13 14 | 14.5
Evocations     | 3 |  3.4

Action                     |  1- 3 |  4- 6 |  7- 9 | 10-12 || total
---------------------------+-------+-------+-------+-------++-------
  Melee: Long sword        |    99 |   128 |    46 |       ||   273
         Headbutt          |    15 |    22 |    36 |    97 ||   170
         Great sword       |       |       |   135 |   515 ||   650
         Unarmed           |       |       |       |    16 ||    16
         Scimitar          |       |       |       |    10 ||    10
 Invoke: Berserk           |       |     1 |     1 |    11 ||    13
         Trog's Hand       |       |       |     1 |     1 ||     2
  Evoke: Wand              |       |       |     8 |    10 ||    18
    Use: Potion            |       |       |     1 |     6 ||     7
         Scroll            |       |       |     8 |    10 ||    18
 Armour: Scale mail        |    72 |   112 |    98 |       ||   282
         Chain mail        |       |       |   106 |    53 ||   159
         Plate armour      |       |       |       |   705 ||   705
         Skin              |       |       |       |    35 ||    35
  Dodge: Dodged            |    58 |    35 |   117 |   262 ||   472
  Block: Buckler           |    22 |    26 |    13 |       ||    61

Table legend: (Time is in decaauts)
 A = Elapsed time spent in this place.
 B = Non-inter-level travel time spent in this place.
 C = Inter-level travel time spent in this place.
 D = Time resting spent in this place.
 E = Time spent auto-exploring this place.
 F = Levels seen in this place.
 G = Mean time per level.
                   A        B        C        D        E       F      G
               +--------+--------+--------+--------+--------+-----+--------+
         Total |  15732 |  14992 |    740 |   2647 |  10202 |  15 | 1048.8 |
       Dungeon |  10348 |   9691 |    657 |    720 |   7454 |  11 |  940.7 |
          Lair |   5383 |   5301 |     82 |   1927 |   2748 |   4 | 1345.8 |
               +--------+--------+--------+--------+--------+-----+--------+

Top non-repeatable levels by time:
  Lair:2: 2007 daAuts
  Lair:1: 1938 daAuts
     D:4: 1577 daAuts
     D:9: 1318 daAuts
  Lair:3: 1302 daAuts
    D:11: 1257 daAuts
     D:8: 1038 daAuts
     D:1: 964 daAuts
     D:6: 929 daAuts
     D:7: 894 daAuts
     D:5: 730 daAuts
    D:10: 646 daAuts
     D:2: 516 daAuts
     D:3: 473 daAuts
  Lair:4: 134 daAuts
